 Dungeon Crawl Stone Soup version 0.31-a0-1101-g9ad1905 (webtiles) character file.

Game seed: 17722977521892848187

1979372 Kearsarge the Phalangite (level 27, 174/314 HPs)
             Began as a Merfolk Fighter on Dec 1, 2023.
             Was an Initiate of Gozag.
             Escaped with the Orb
             ... and 3 runes!
             The game lasted 01:38:13 (50720 turns).

Kearsarge the Phalangite (Merfolk Fighter)         Turns: 50720, Time: 01:38:13

Health: 174/314    AC: 43    Str: 25    XL:     27
Magic:  20/20      EV: 25    Int: 13    God:    Gozag
Gold:   4586       SH: 36    Dex: 24    Spells: 26/26 levels left

rFire   + + .        a - +8 demon trident "Rift" {distort, reach+}
rCold   + + .        i - +10 tower shield of Ignorance {rN+ Int-4}
rNeg    + + .        k - melded +2 troll leather armour {Pargi}
rPois   ∞            y - +2 hat
rElec   +            J - +2 cloak {rPois}
rCorr   .            (gloves currently unavailable)
SInv    .            h - melded +2 pair of boots
Will    ++...        K - amulet of Conflict {rElec Regen+ Int+3}
Stlth   +            P - ring of protection from cold
HPRegen 1.52/turn    x - ring "Qiwkeus" {rPois rF++ Int+6 Dex+4}
MPRegen 0.17/turn

%: random rage (3%)
@: statue-form, invisible, very slow
A: slow and powerful, torment resistance 1, boosted hp, (nimble swimmer 2),
mertail, horns 1, agile 1, berserk 1, cold resistance 1, low MP 1, sense
surroundings 1, inhibited regeneration, subdued magic 1
0: Orb of Zot
}: 3/15 runes: serpentine, barnacled, silver
a: Begin Untransformation, Renounce Religion, Potion Petition, Call Merchant,
Bribe Branch


You escaped.
You worshipped Gozag.
Gozag was most pleased with you.
You were a living statue of rough stone.
You visited 10 branches of the dungeon, and saw 48 of its levels.
You visited the Abyss 1 time.
You also visited: Sewer, Volcano and Desolation.

You collected 28159 gold pieces.
You spent 7494 gold pieces at shops.
You paid 16079 gold pieces to Gozag.

Inventory:

Hand Weapons
 a - the +8 demon trident "Rift" (weapon) {distort, reach+}
   (You found it on level 14 of the Dungeon)
Missiles
 e - 36 poisoned darts
 I - 3 throwing nets
Armour
 h - a +2 pair of boots (melded)
 i - the +10 tower shield of Ignorance (worn) {rN+ Int-4}
   (You acquired it on level 2 of the Orcish Mines)

   Int-4:     It affects your intelligence (-4).
   rN+:       It protects you from negative energy.
 k - a +2 troll leather armour (melded) {Pargi}
 y - a +2 hat (worn)
 J - a +2 cloak of poison resistance (worn)
Jewellery
 x - the ring "Qiwkeus" (right fist) {rPois rF++ Int+6 Dex+4}
   (You bought it in a shop on level 10 of the Dungeon)

   [ring of intelligence]

   Int+6:     It affects your intelligence (+6).
   Dex+4:     It affects your dexterity (+4).
   rF++:      It greatly protects you from fire.
   rPois:     It protects you from poison
 z - a ring of resist corrosion
 K - the amulet of Conflict (around neck) {rElec Regen+ Int+3}
   (You bought it in a shop on level 5 of the Lair of Beasts)

   [amulet of regeneration]

   Int+3:     It affects your intelligence (+3).
   rElec:     It insulates you from electricity.
   Regen+:    It increases your rate of health regeneration.
 P - a ring of protection from cold (left fist)
 Z - the ring "Causasa" {rF+ SInv}
   (You took it off a deep elf zephyrmancer on level 3 of the Elven Halls)

   [ring of protection from fire]

   rF+:       It protects you from fire.
   SInv:      It lets you see invisible.
Talismans
 R - a granite talisman (active)
Wands
 b - a wand of light (26)
 c - a wand of roots (13)
 S - a wand of charming (23)
 W - a wand of digging (5)
 Y - a wand of flame (30)
Scrolls
 j - 2 scrolls of summoning
 n - 10 scrolls of teleportation
 p - 8 scrolls of immolation
 r - 5 scrolls of vulnerability
 v - 4 scrolls of poison
 A - 6 scrolls of amnesia
 D - 5 scrolls of enchant weapon
 L - 3 scrolls of torment
 N - 2 scrolls of brand weapon
 T - 5 scrolls of silence
 U - 5 scrolls of fear
 X - 4 scrolls of fog
Potions
 d - 3 potions of might
 f - 5 potions of magic
 g - 10 potions of curing
 m - 8 potions of heal wounds
 o - 6 potions of brilliance
 q - 3 potions of cancellation
 s - 2 potions of attraction
 u - 4 potions of haste
 B - 6 potions of enlightenment
 E - 3 potions of ambrosia
 F - 8 potions of lignification
 G - 2 potions of invisibility
 O - a potion of resistance
 V - 2 potions of berserk rage
Miscellaneous
 t - a phantom mirror
 C - a lightning rod (4/4)
 M - a tin of tremorstones (2/2)


   Skills:
 + Level 25.2 Fighting
 - Level 26.8 Polearms
 - Level 2.1 Armour
 - Level 14.6 Dodging
 - Level 23.5 Shields
 - Level 13.0 Unarmed Combat
 - Level 25.0 Shapeshifting


You had 26 spell levels left.
You didn't know any spells.
Your spell library contained the following spells:

 Spells                   Type           Power      Damage    Failure   Level
 Apportation              Tloc           0%         N/A       32%         1
 Foxfire                  Conj/Fire      0%         2x1d4     32%         1
 Freeze                   Ice            0%         1d3       32%         1
 Kiss of Death            Conj/Necr      0%         2d5       32%         1
 Magic Dart               Conj           0%         1d3       32%         1
 Necrotise                Necr           0%         1d4       32%         1
 Summon Small Mammal      Summ           0%         N/A       32%         1
 Call Imp                 Summ           0%         N/A       47%         2
 Lesser Beckoning         Tloc           0%         N/A       47%         2
 Passwall                 Tmut/Erth      0%         N/A       47%         2
 Scorch                   Fire           0%         2d5       47%         2
 Searing Ray              Conj           0%         2d4       47%         2
 Static Discharge         Conj/Air       0%         3-3/arc   47%         2
 Wereblood                Tmut           0%         N/A       47%         2
 Call Canine Familiar     Summ           0%         N/A       71%         3
 Confusing Touch          Hex            0%         N/A       71%         3
 Frozen Ramparts          Ice            0%         1d1       71%         3
 Gell's Gravitas          Tloc           0%         N/A       71%         3
 Hailstorm                Conj/Ice       0%         3d3       71%         3
 Ignite Poison            Fire/Tmut/Pois 0%         N/A       71%         3
 Inner Flame              Hex/Fire       0%         N/A       71%         3
 Mephitic Cloud           Conj/Pois/Air  0%         N/A       71%         3
 Ozocubu's Armour         Ice            0%         N/A       71%         3
 Stone Arrow              Conj/Erth      0%         3d7       71%         3
 Summon Guardian Golem    Hex/Summ       0%         N/A       71%         3
 Teleport Other           Tloc           0%         N/A       71%         3
 Tukima's Dance           Hex            0%         N/A       71%         3
 Vampiric Draining        Necr           0%         2d6       71%         3
 Volatile Blastmotes      Fire/Tloc      0%         2d10      71%         3
 Animate Armour           Summ/Erth      0%         N/A       98%         4
 Brom's Barrelling Bould  Conj/Erth      0%         2d3       98%         4
 Dimensional Bullseye     Hex/Tloc       0%         N/A       98%         4
 Dispel Undead            Necr           0%         3d6       98%         4
 Flame Wave               Conj/Fire      0%         2d4       98%         4
 Fulminant Prism          Conj/Hex       0%         3d5       98%         4
 Iskenderun's Mystic Bla  Conj/Tloc      0%         2d3       98%         4
 Leda's Liquefaction      Hex/Erth       0%         N/A       98%         4
 Sticky Flame             Conj/Fire      0%         2d3       98%         4
 Summon Lightning Spire   Summ/Air       0%         N/A       98%         4
 Vhi's Electric Charge    Tloc/Air       0%         N/A       98%         4
 Agony                    Necr           0%         N/A       100%        5
 Alistair's Intoxication  Tmut/Pois      0%         N/A       100%        5
 Arcjolt                  Conj/Air       0%         1d10      100%        5
 Borgnjor's Vile Clutch   Necr/Erth      0%         N/A       100%        5
 Fireball                 Conj/Fire      0%         3d3       100%        5
 Iskenderun's Battlesphe  Conj           0%         2d6       100%        5
 Lee's Rapid Deconstruct  Erth           0%         3d4*      100%        5
 Metabolic Englaciation   Hex/Ice        0%         N/A       100%        5
 Summon Forest            Summ/Tloc      0%         N/A       100%        5
 Bombard                  Conj/Erth      0%         9d1       100%        6
 Conjure Ball Lightning   Conj/Air       0%         3x3d6     100%        6
 Death Channel            Necr           0%         N/A       100%        6
 Eringya's Noxious Bog    Tmut/Pois      0%         4d6       100%        6
 Plasma Beam              Fire/Air       0%         2x1d10    100%        6
 Starburst                Conj/Fire      0%         6d3       100%        6
 Orb of Destruction       Conj           0%         9d5       100%        7
 Ozocubu's Refrigeration  Ice            0%         4d7       100%        7
 Spellforged Servitor     Conj/Summ      0%         N/A       100%        7
 Summon Hydra             Summ           0%         N/A       100%        7
 Ignition                 Fire           0%         3d3       100%        8
 Lehudib's Crystal Spear  Conj/Erth      0%         10d2      100%        8
 Maxwell's Capacitive Co  Air            0%         ∞         100%        8
 Chain Lightning          Conj/Air       0%         N/A       100%        9
 Fire Storm               Conj/Fire      0%         5d1       100%        9
 Polar Vortex             Ice            0%         N/A       100%        9
 Shatter                  Erth           0%         3d5*      100%        9
 Sublimation of Blood     Necr           Unusable   N/A       N/A         2
 Animate Dead             Necr           Unusable   N/A       N/A         4
 Simulacrum               Ice/Necr       Unusable   N/A       N/A         6

Dungeon Overview and Level Annotations

Branches:
Dungeon (15/15)            Temple (1/1) D:6            Lair (5/5) D:9
 Shoals (4/4) Lair:3        Snake (4/4) Lair:3        Slime (0/5) Lair:5
    Orc (2/2) D:11            Elf (3/3) Orc:2        Vaults (5/5) D:14
  Crypt (0/3) Vaults:3     Depths (4/4) D:15            Zot (5/5) Depths:4
  Sewer (visited)         Volcano (visited)         Desolation (visited)

Altars:
Ashenzari
Cheibriados
Dithmenos
Elyvilon
Fedhas
Gozag
Hepliaklqana
Kikubaaqudgha
Makhleb
Nemelex Xobeh
Okawaru
Qazlal
Ru
Sif Muna
Trog
Uskayaw
Vehumet
Wu Jian
Xom
Yredelemnul
Zin
The Shining One
Jiyva

Shops:
D:7 (   D:10 ==   Orc:2 (*?(?   Elf:2 *[=?*   Elf:3 *::   Lair:2 !   Lair:5 =
Shoals:3 !   Shoals:4 ?   Snake:1 (=   Snake:2 =   Snake:4 [   Vaults:1 :
Vaults:4 [   Depths:1 (

Portals:
Hell: Depths:1
Abyss: Depths:2
Pandemonium: Depths:2

Annotations:
Lair:4 exclusion: oklob plant
Orc:1 3 runed translucent doors, DevouringOne's ghost, journeyman OgAr
Elf:2 1 runed translucent door
Vaults:2 1 runed translucent door, Innyits's ghost, adept DjAE


Innate Abilities, Weirdness & Mutations

You are a living statue of rough stone.
Your actions are slow, but your melee attacks are powerful.
You are resistant to unholy torment.
Your maximum health is greatly increased.
Your equipment is partially melded.
You are immune to poison.
((You are very nimble when in or above water. (Stealth+, EV+, Speed+++)))
Your lower body shifts to a powerful aquatic tail in water.
You have a pair of small horns on your head.
You are agile. (Dex +4, Str/Int -1)
You sometimes lose your temper in combat.
Your flesh is cold resistant. (rC+)
Your magical capacity is low. (-10% MP)
You passively map a small area around you.
You do not regenerate when monsters are visible.
Your spells are a little easier to cast, but a little less powerful.


Message History

The ice encasing you melts away.
A Daddum, a hellwing and a lich come into view.
The lich shouts!
The lich is distracted by your dazzling golden aura.
Daddum gestures at you. The iron shot hits you!!!
The lich shouts!
The lich is no longer distracted by gold.
Daddum gestures.
The golden eye turns its gaze towards you.
The golden eye blinks at you.
The rakshasa blinks!
Aiming: Dig
Press: ? - help, Q - select action, (/) - cycle Shift-Dir - straight line You can't see that place. [a rock wall.]
The rock shatters into small pieces.
The golden eye blinks!
Daddum is distracted by your dazzling golden aura.
The shining eye is distracted by your dazzling golden aura.
Blink to where?
Press: ? - help, Q - select action, (/) - cycle Dir - move target
As you read the scroll of blinking, it crumbles to dust.
A shadow demon comes into view.
There is a stone staircase leading up here.
You climb upwards.
There is a stone staircase leading down here.
Aiming: Dig
Press: ? - help, Q - select action, (/) - cycle Shift-Dir - straight line You can't see that place. [the floor.]
The rock shatters into small pieces.
Your extra speed is starting to run out.
Blink to where?
Press: ? - help, Q - select action, (/) - cycle Dir - move target
As you read the scroll of blinking, it crumbles to dust.
There is an open door here.
You feel yourself slow down.
There is a staircase leading out of the dungeon here.
You have escaped!

##....#...# ####.#............
#..##.....######.................
[.#.##....)..)...#......##.###...
#%...#....#.######......##...###.
...#......#.######......####.# #.
.#..#...................####.###.
#..##....##........#######..§>...
..##..##.##........'#>.'...####.#
#.....##........8..#.###...# #.#
##.##............>.##.##.>.####..
#.###########+#######.#...#...##
#.# #####.....# #>######..... #.#
#.....#...# ###'#####...##
#.###.....#...# #.......#[....
#.........#...# #.......#...##
#.........#...# #########...##
#.........##.## ##.....


There were no monsters in sight!

Vanquished Creatures
  A dread lich (Zot:5)
  Mennas (Vaults:4)
  A juggernaut (Depths:2)
  Vashnia (Snake:4)
  A pandemonium lord (D:2)
  Nikola (Vaults:1)
  A profane servitor (Zot:1)
  2 golden dragons
  A hellephant (Depths:1)
  Mlioglotl (Shoals:2)
  A Brimstone Fiend (D:10)
  14 Orb Guardians
  An Ice Fiend (Zot:5)
  4 liches
  5 tentacled monstrosities
  A walking divine tome (Depths:2)
  A kraken (Shoals:4)
  A walking frostbound tome (Depths:2)
  A titan (Vaults:5)
  3 deep elf master archers
  The ghost of Qefi the Executioner, an adept MiBe of Trog (Shoals:2)
  4 quicksilver dragons
  3 deep elf blademasters
  8 sphinxes
  Frances (D:14)
  2 death cobs
  An Executioner (D:15)
  Agnes (D:14)
  A tentacled starspawn (Abyss:2)
  Aizul (Shoals:4)
  5 tengu reavers
  The ghost of PurpleRed the Wrestler, a journeyman TrDe of Ru (Snake:3)
  2 draconian monks
  6 storm dragons
  A daeva (Zot:1)
  A revenant (Vaults:3)
  5 nagarajas
  Kirke (Lair:4)
  3 shadow dragons
  5 draconian knights
  6 fire giants
  Louise (Shoals:4)
  10 deep elf sorcerers
  The ghost of Eqogoitu the Earth Mage, an adept DEEE of Vehumet (Snake:3)
  6 frost giants
  2 imperial myrmidons (Desolation)
  3 draconian scorchers
  22 vault wardens
  2 orc warlords (Vaults:4)
  3 deep elf elementalists (Elf:3)
  A cacodemon (D:3)
  The ghost of Haulev the Crack Shot, an adept SpHu of Dithmenos (Snake:3)
  A spriggan defender (Depths:2)
  3 formless jellyfish
  7 war gargoyles
  11 ironbound preservers
  4 draconian stormcallers
  3 draconian annihilators
  13 stone giants
  3 ironbound thunderhulks
  16 very ugly things
  2 vampire knights (Depths:4)
  2 green draconians
  4 deep elf annihilators (Elf:3)
  Nessos (D:14)
  3 deep elf demonologists
  Azrael (Snake:2)
  11 dire elephants
  5 black draconians
  6 white draconians
  6 yellow draconians
  2 halazid warlocks (Desolation)
  3 red draconians
  3 spark wasps
  5 purple draconians
  2 crystal guardians
  3 deep elf death magi (Elf:3)
  18 ettins
  4 entropy weavers
  4 merfolk javelineers
  3 fire dragons
  5 merfolk impalers
  2 deep elf high priests (Elf:3)
  17 yaktaur captains
  Josephine (D:12)
  2 ragged hierophants (Desolation)
  3 great orbs of eyes
  17 vault guards
  A hydra (D:15)
  7 ogre magi
  4 servants of whispers (Desolation)
  9 rakshasas
  Erolcha (Orc:2)
  9 peacekeepers
  9 anacondas
  2 alligator snapping turtles
  5 spriggan air magi
  The ghost of Kave the Grappler, a novice TrSh of Sif Muna (D:8)
  8 boulder beetles
  31 centaur warriors
  3 ghost crabs (Lair:4)
  8 ice dragons
  9 ironbound frosthearts
  A merfolk avatar (Shoals:4)
  5 catoblepae
  2 death knights (Vaults:3)
  4 salamander tyrants
  11 dancing weapons
  21 two-headed ogres
  7 death yaks (Lair:5)
  6 satyrs
  3 deep troll shamans
  2 thrashing horrors (Abyss:2)
  2 vampire magi
  2 deep troll earth magi
  17 naga warriors
  An orc high priest (Orc:1)
  4 tengu warriors
  20 naga sharpshooters
  2 soul eaters (Depths:2)
  6 sun demons
  6 spriggan berserkers
  7 deep elf knights
  5 shock serpents
  Urug (D:10)
  3 hell knights
  2 iron trolls
  6 skysharks
  4 fire crabs (Lair:4)
  Lodul (D:13)
  A sun moth (Shoals:3)
  8 salamander mystics
  2 sixfirhies
  Amaemon (Lair:3)
  2 glowing orange brains
  12 skeletal warriors
  A shadow demon (Zot:1)
  9 sea snakes
  11 ironbound convokers
  26 deep trolls
  2 anaconda skeletons (Volcano)
  2 necromancers
  10 deep elf archers
  6 lindwurms
  2 phantasmal warriors (Vaults:5)
  5 arcanists
  13 naga ritualists
  8 orc knights
  17 deep elf zephyrmancers
  22 deep elf pyromancers
  14 mana vipers
  A golden dragon skeleton (Depths:2)
  19 harpies
  29 ugly things
  41 salamanders
  18 fauns
  3 orc sorcerers
  2 wolf spiders
  9 elephants
  9 cyclopes
  14 manticores
  An alligator skeleton (Volcano)
  14 moths of wrath
  10 guardian serpents
  5 centaur zombies (D:9)
  17 vault sentinels
  4 kobold blastminers
  45 black mambas
  7 merfolk sirens
  An apocalypse crab (Lair:4)
  A large abomination (D:15)
  3 orange demons
  8 water nymphs
  6 gargoyles
  12 naga magi
  A torpor snail (Lair:5)
  A rime drake (Lair:3)
  9 cane toads
  2 hellions
  An unseen horror (D:12)
  4 freezing wraiths
  5 komodo dragons
  An efreet (D:13)
  An ancient zyme (Abyss:2)
  54 yaktaurs
  A polar bear (Lair:2)
  2 tengu conjurers (Depths:2)
  2 tormentors
  6 trolls
  6 wind drakes
  3 meliai (D:15)
  A queen bee (shapeshifter) (Vaults:5)
  22 merfolk
  6 hornets
  25 blink frogs
  7 dream sheep
  35 saltlings (Desolation)
  A stone giant simulacrum (Depths:2)
  A harpy skeleton (Volcano)
  3 glass eyes (Depths:2)
  10 snapping turtles
  A dream sheep (shapeshifter) (Elf:2)
  7 meliai zombies (D:9)
  3 flying skulls (Volcano)
  43 slime creatures
  37 yaks
  5 vampires
  2 air elementals
  A spriggan (shapeshifter) (Vaults:5)
  A shadow (Abyss:2)
  A naga simulacrum (Abyss:2)
  A ynoxinul (Depths:2)
  4 spriggans
  10 wraiths
  9 water elementals
  6 wyverns
  6 fire elementals
  3 chaos spawn
  3 fire bats (Lair:1)
  A hog (shapeshifter) (D:13)
  2 neqoxecs
  3 hogs (Lair:4)
  16 humans (D:14)
  3 redbacks
  2 steam dragons
  3 basilisks
  4 vampire mosquitoes
  38 nagas
  2 acid dragons
  2 wargs (Orc:1)
  11 water moccasins
  2 glowing shapeshifter skeletons (Depths:2)
  5 hell hounds (Snake:2)
  2 ice beasts
  Pargi (Sewer)
  14 orc warriors
  41 ogres
  A small abomination (Abyss:2)
  25 wolves
  19 centaurs
  6 phantoms
  A kobold brigand (D:4)
  4 bullfrogs
  2 scorpions (D:7)
  A scorpion (shapeshifter) (Depths:1)
  3 earth elementals
  17 wights
  17 killer bees
  2 troll skeletons (Volcano)
  9 howler monkeys
  4 electric eels (Snake:2)
  2 jellies (Lair:5)
  A crimson imp (Abyss:2)
  4 lava snakes
  4 spriggan skeletons (Volcano)
  6 quasits (D:8)
  8 orc priests
  A gnoll bouda (D:8)
  3 hounds
  11 human skeletons (Vaults:3)
  5 iguanas
  8 orc wizards
  6 hell rats (Lair:1)
  A naga skeleton (Volcano)
  An adder (shapeshifter) (Vaults:5)
  7 adders
  7 gnolls
  4 white imps
  4 ufetubi (D:6)
  5 worms
  A dart slug (D:1)
  48 orcs
  7 bats
  9 endoplasms
  An endoplasm (shapeshifter) (Depths:4)
  A giant cockroach (D:1)
  6 goblins
  7 hobgoblins
  2 jackals (Sewer)
  2 quokkas (shapeshifter)
  4 quokkas
  11 ball pythons
  6 frilled lizards
  A kobold (shapeshifter) (Vaults:5)
  4 kobolds
  A spectral orc (D:5)
  4 tentacles (Shoals:4)
1880 creatures vanquished.

Vanquished Creatures (collateral kills)
  An orb of fire (Zot:5)
  A Killer Klown (Zot:5)
  2 Orb Guardians (Zot:5)
  A vault warden (Vaults:5)
  3 ironbound preservers (Vaults:5)
  A very ugly thing (Vaults:5)
  An ettin (Vaults:5)
  Erica (Orc:1)
  An obsidian statue (Zot:5)
  A phantasmal warrior (Vaults:5)
  An ironbound convoker (Vaults:5)
  4 orc knights
  A vault sentinel (Vaults:5)
  A troll (Orc:1)
  6 orc warriors
  An ogre (Orc:1)
  An orc priest (Orc:1)
  4 orc wizards (Orc:1)
  8 orcs
  A quokka (D:1)
41 creatures vanquished.

Vanquished Creatures (others)
  2 ancient liches
  2 dread liches (Zot:5)
  An orb of fire (Zot:5)
  3 Killer Klowns (Zot:5)
  A curse toe (Zot:5)
  An electric golem (Zot:5)
  4 tentacled monstrosities
  A titan (Vaults:5)
  9 Orb Guardians (Zot:5)
  A storm dragon (Vaults:5)
  A tengu reaver (Vaults:5)
  A draconian monk (Zot:5)
  A draconian knight (Zot:5)
  A draconian scorcher (Zot:5)
  A vault warden (Vaults:5)
  A deep elf elementalist (Elf:3)
  2 ghost moths (Zot:5)
  A draconian annihilator (Zot:5)
  A war gargoyle (Vaults:5)
  A draconian shifter (Zot:5)
  A stone giant (Vaults:5)
  A deep elf demonologist (Vaults:5)
  A black draconian (Zot:5)
  2 white draconians (Zot:5)
  A deep elf death mage (Vaults:5)
  An ettin (Vaults:5)
  A yaktaur captain (Vaults:5)
  4 deep elf high priests (Vaults:5)
  16 vault guards (Vaults:5)
  An entropy weaver (Vaults:3)
  A hell knight (Vaults:5)
  A deep elf knight (Elf:2)
  A necromancer (Vaults:5)
  2 ironbound convokers (Vaults:3)
  A harpy (shapeshifter) (Vaults:5)
  A deep elf archer (Vaults:5)
  3 deep elf pyromancers (Vaults:5)
  A deep elf zephyrmancer (Vaults:5)
  2 human zombies (Vaults:5)
  3 moths of wrath
  A hellion (Zot:5)
  A large abomination (Abyss:2)
  A yaktaur (Vaults:3)
  A saltling (Desolation)
  A chaos spawn (D:2)
  A fire elemental (Elf:2)
  2 human skeletons (Vaults:5)
  A howler monkey (shapeshifter) (Vaults:5)
  A lava snake (Snake:2)
  A goblin (D:2)
  A quokka (D:14)
  A kobold (shapeshifter) (Elf:3)
  6 starspawn tentacles
  15 tentacles (Shoals:4)
115 creatures vanquished.

Grand Total: 2036 creatures vanquished

Notes
Turn   | Place    | Note
-------+----------+-------------------------------------------
     0 | D:1      | Kearsarge the Merfolk Fighter began the quest for the Orb.
     0 | D:1      | Reached XP level 1. HP: 18/18 MP: 1/1
    26 | D:1      | Reached skill level 3 in Polearms
   123 | D:1      | Reached XP level 2. HP: 21/24 MP: 2/2
   258 | D:1      | Reached skill level 4 in Polearms
   259 | D:1      | Reached XP level 3. HP: 27/30 MP: 3/3
  1139 | D:2      | Reached XP level 4. HP: 37/37 MP: 4/4
  1151 | D:2      | Reached skill level 5 in Polearms
  1279 | D:3      | Noticed a centaur
  1290 | D:3      | Killed a centaur
  1291 | D:3      | Reached skill level 6 in Polearms
  1291 | D:3      | Reached XP level 5. HP: 14/43 MP: 5/5
  1426 | D:3      | Found a shimmering altar of Xom.
  1736 | D:3      | Found a glowing drain.
  1746 | Sewer    | Entered a sewer
  1804 | Sewer    | Noticed Pargi
  1812 | Sewer    | Killed Pargi
  1813 | Sewer    | Reached skill level 5 in Fighting
  1813 | Sewer    | Reached XP level 6. HP: 51/51 MP: 6/6
  1980 | D:3      | Reached skill level 7 in Polearms
  2087 | D:3      | Found a broken altar of Ashenzari.
  2906 | D:5      | Entered Level 5 of the Dungeon
  2919 | D:5      | Reached skill level 8 in Polearms
  2919 | D:5      | Reached XP level 7. HP: 56/56 MP: 7/7
  3208 | D:5      | Found a basalt altar of Yredelemnul.
  3549 | D:6      | Found a radiant altar of Vehumet.
  3602 | D:6      | Reached skill level 9 in Polearms
  3607 | D:6      | Found a staircase to the Ecumenical Temple.
  3614 | Temple   | Entered the Ecumenical Temple
  3631 | Temple   | Became a worshipper of Gozag Ym Sagoz the Greedy
  3968 | D:6      | Reached XP level 8. HP: 65/65 MP: 8/8
  4072 | D:6      | Found a hazy altar of Hepliaklqana.
  4144 | D:6      | Reached skill level 10 in Polearms
  4226 | D:6      | Identified the +1 robe of Happiness {+Blink rCorr Stlth-}
  4540 | D:7      | Found Bacy Xan's Hydra Hut.
  4545 | D:7      | Noticed a six-headed hydra
  4605 | D:7      | Reached skill level 11 in Polearms
  4657 | D:7      | Reached skill level 12 in Polearms
  4657 | D:7      | Reached XP level 9. HP: 46/74 MP: 9/9
  5468 | D:8      | Reached skill level 13 in Polearms
  5699 | D:8      | Found a transporter.
  5775 | D:8      | Noticed Kave's ghost (novice TrSh)
  5823 | D:8      | Found a transporter.
  6113 | D:9      | Reached skill level 14 in Polearms
  6146 | D:9      | Noticed a hornet
  6153 | D:9      | Noticed a hornet
  6158 | D:9      | Killed a hornet
  6289 | D:9      | Killed a hornet
  6290 | D:9      | Reached XP level 10. HP: 83/83 MP: 10/10
  6314 | D:9      | Reached skill level 15 in Polearms
  6633 | D:9      | Reached skill level 10 in Fighting
  6688 | D:9      | Reached skill level 16 in Polearms
  7148 | D:9      | Found a staircase to the Lair.
  7191 | D:9      | Reached skill level 17 in Polearms
  7197 | D:9      | Reached XP level 11. HP: 88/92 MP: 11/11
  7713 | D:9      | Reached skill level 18 in Polearms
  8044 | D:9      | Noticed a skeletal warrior
  8561 | D:10     | Entered Level 10 of the Dungeon
  8561 | D:10     | Found Inwon's Jewellery Shop.
  8565 | D:10     | Bought a dragon-blood talisman for 960 gold pieces
  8667 | D:10     | Noticed a two-headed ogre
  8682 | D:10     | Killed a two-headed ogre
  8762 | D:10     | Reached skill level 5 in Shapeshifting
  8886 | D:10     | Noticed a brown ugly thing
  8895 | D:10     | Killed a brown ugly thing
  8955 | D:10     | Noticed Urug
  8965 | D:10     | Killed Urug
  8966 | D:10     | Reached XP level 12. HP: 57/102 MP: 12/12
  9298 | D:10     | Found a blossoming altar of Fedhas.
  9571 | D:11     | Noticed a boulder beetle
  9592 | D:11     | Killed a boulder beetle
  9755 | D:11     | Noticed a two-headed ogre
  9767 | D:11     | Killed a two-headed ogre
  9909 | D:11     | Found a staircase to the Orcish Mines.
 10282 | D:9      | Reached skill level 10 in Shapeshifting
 10517 | D:8      | Gained mutation: You have a pair of small horns on your
                  | head. [potion of mutation]
 10517 | D:8      | Gained mutation: You occasionally lose the ability to read
                  | scrolls when taking damage. [potion of mutation]
 10517 | D:8      | Gained mutation: You have a pair of horns on your head.
                  | [potion of mutation]
 10518 | D:8      | Lost mutation: You occasionally lose the ability to read
                  | scrolls when taking damage. [potion of mutation]
 10518 | D:8      | Lost mutation: You have a pair of horns on your head.
                  | [potion of mutation]
 10518 | D:8      | Gained mutation: Your magical capacity is low. (-10% MP)
                  | [potion of mutation]
 10518 | D:8      | Gained mutation: Your spells are a little easier to cast,
                  | but a little less powerful. [potion of mutation]
 10518 | D:8      | Gained mutation: You passively map a small area around you.
                  | [potion of mutation]
 10577 | D:8      | Killed Kave's ghost
 10736 | D:12     | Noticed a boulder beetle
 10764 | D:11     | Killed a boulder beetle
 11248 | D:12     | Noticed a boulder beetle
 11258 | D:12     | Killed a boulder beetle
 11437 | D:12     | Noticed Josephine
 11652 | D:12     | Reached skill level 1 in Unarmed Combat
 11838 | D:12     | Killed Josephine
 11839 | D:12     | Reached XP level 13. HP: 94/108 MP: 11/11
 11976 | Orc:1    | Entered Level 1 of the Orcish Mines
 12141 | Lair:1   | Entered Level 1 of the Lair of Beasts
 12591 | Lair:1   | Found a dark tunnel.
 12612 | Volcano  | Entered a volcano
 12707 | Volcano  | Reached skill level 5 in Unarmed Combat
 14053 | Lair:2   | Bought a potion of cancellation for 128 gold pieces
 14053 | Lair:2   | Bought a potion of lignification for 48 gold pieces
 14053 | Lair:2   | Bought a potion of heal wounds for 80 gold pieces
 14053 | Lair:2   | Bought a potion of heal wounds for 80 gold pieces
 14053 | Lair:2   | Bought a potion of mutation for 128 gold pieces
 14301 | Lair:2   | Reached skill level 15 in Shapeshifting
 15308 | Lair:3   | Noticed Amaemon
 15327 | Lair:3   | Killed Amaemon
 15708 | Lair:3   | Reached XP level 14. HP: 115/115 MP: 12/12
 15802 | Lair:3   | Found a staircase to the Snake Pit.
 15817 | Lair:3   | Found a staircase to the Shoals.
 16783 | Lair:4   | Identified the +0 pair of gloves of the Earth {rF+ Stlth+}
 16810 | Lair:4   | Found a runed translucent door.
 16883 | Lair:4   | Reached skill level 10 in Unarmed Combat
 17097 | Lair:4   | Noticed Kirke
 17110 | Lair:4   | Killed Kirke
 17326 | Lair:4   | Got the Vellum of Coarse Pyromancy
 17327 | Lair:4   | Identified the +3 battleaxe of Armageddon {flame, Str+4}
 18043 | Lair:5   | Entered Level 5 of the Lair of Beasts
 18574 | Lair:5   | Bought the amulet of Conflict {rElec Regen+ Int+3} for 704
                  | gold pieces
 18642 | Lair:5   | Found a viscous altar of Jiyva.
 18645 | Lair:5   | Found a staircase to the Slime Pits.
 18820 | Lair:5   | Noticed a dire elephant
 18826 | Lair:5   | Killed a dire elephant
 19208 | Lair:5   | Reached XP level 15. HP: 125/125 MP: 13/13
 19459 | Lair:5   | Reached skill level 15 in Fighting
 19820 | Orc:1    | Found a runed translucent gate.
 19820 | Orc:1    | Found a runed translucent gate.
 19820 | Orc:1    | Found a runed translucent gate.
 19822 | Orc:1    | Noticed Erica
 19824 | Orc:1    | Noticed DevouringOne's ghost (journeyman OgAr)
 19845 | Orc:1    | Killed Erica
 20023 | Orc:1    | Identified the +5 dire flail of Wondrous Power {holy,
                  | Stlth+}
 20050 | Orc:1    | Identified the ring of Iddonin {Fire +Blink Will+}
 20083 | Orc:1    | You are sucked into a shaft and drop 1 floor!
 20083 | Orc:2    | Entered Level 2 of the Orcish Mines
 20538 | Orc:1    | Found an iron altar of Okawaru.
 20560 | Orc:2    | Found a staircase to the Elven Halls.
 20694 | Orc:2    | Paralysed by something for 2 turns
 20890 | Orc:2    | Found Karogi's Antique Weapon Boutique.
 20890 | Orc:2    | Found Eferph's Magic Scroll Emporium.
 20900 | Orc:2    | Found Lioz's Magic Scroll Boutique.
 20900 | Orc:2    | Found Rikhlumi's General Store.
 20945 | Orc:2    | Bought a scroll of acquirement for 780 gold pieces
 20945 | Orc:2    | Bought a scroll of identify for 30 gold pieces
 20948 | Orc:2    | Bought a phantom mirror for 600 gold pieces
 20948 | Orc:2    | Bought a potion of curing for 45 gold pieces
 20950 | Orc:2    | Bought a scroll of blinking for 82 gold pieces
 20950 | Orc:2    | Bought a scroll of blinking for 82 gold pieces
 20950 | Orc:2    | Bought a scroll of blinking for 82 gold pieces
 21127 | Orc:2    | Noticed Erolcha
 21136 | Orc:2    | Killed Erolcha
 21281 | Orc:2    | Found Qilumosu's Antique Weapon Shoppe.
 21674 | D:13     | Found an opulent altar of Gozag.
 22010 | D:13     | Reached XP level 16. HP: 143/143 MP: 14/14
 23078 | D:13     | Noticed Lodul
 23094 | D:13     | Killed Lodul
 23217 | D:14     | Noticed Nessos
 23217 | D:14     | Found a gate to the Vaults.
 23306 | D:14     | Noticed Frances
 23312 | D:14     | Killed Nessos
 23533 | D:14     | Killed Frances
 23814 | D:14     | Found the +8 demon trident "Rift" {distort, reach+}
 24021 | D:14     | Noticed Agnes
 24029 | D:14     | Killed Agnes
 24224 | D:14     | Found a white marble altar of Elyvilon.
 24531 | D:15     | Entered Level 15 of the Dungeon
 24790 | D:15     | Found a bloodstained altar of Trog.
 25273 | D:15     | Found a staircase to the Depths.
 26028 | Snake:1  | Entered Level 1 of the Snake Pit
 26197 | Snake:1  | Reached XP level 17. HP: 149/149 MP: 15/15
 26422 | Snake:1  | Found Pihinit's Weapon Shop.
 26754 | Snake:1  | Identified the +5 trident of the Arena {heavy, rF+}
 27060 | Snake:1  | Found the +6 arbalest "Damnation" {damnation}
 27107 | Snake:1  | Identified the +0 ring mail of the Eye-covered God {Rampage
                  | rPois rF-}
 28556 | Snake:3  | Reached XP level 18. HP: 83/156 MP: 16/16
 28746 | Snake:3  | Found a runed translucent gate.
 28747 | Snake:3  | Found a runed translucent gate.
 28774 | Snake:3  | Found a runed translucent gate.
 29359 | Snake:3  | Noticed Haulev's ghost (adept SpHu)
 29359 | Snake:3  | Noticed Eqogoitu's ghost (adept DEEE)
 29359 | Snake:3  | Noticed PurpleRed's ghost (journeyman TrDe)
 29543 | Snake:2  | Noticed Azrael
 29557 | Snake:2  | Killed Azrael
 29864 | Snake:2  | Reached skill level 1 in Dodging
 30232 | Snake:4  | Entered Level 4 of the Snake Pit
 30274 | Snake:4  | Reached skill level 5 in Dodging
 30419 | Snake:4  | Noticed Vashnia
 30454 | Snake:4  | Killed Vashnia
 30722 | Snake:4  | Identified the +7 spear "Ment" {freeze, *Corrode Will++
                  | Int+3 Stlth+}
 31415 | Snake:4  | Reached skill level 10 in Dodging
 31781 | Snake:4  | Noticed a quicksilver dragon
 31933 | Snake:4  | Killed a quicksilver dragon
 31944 | Snake:4  | Got a serpentine rune of Zot
 32061 | Shoals:1 | Entered Level 1 of the Shoals
 32088 | Shoals:1 | Reached XP level 19. HP: 162/162 MP: 17/17
 32173 | Shoals:1 | You are sucked into a shaft and drop 1 floor!
 32204 | Shoals:2 | Found a transporter.
 32212 | Shoals:2 | Found a transporter.
 32215 | Shoals:2 | Noticed Qefi's ghost (adept MiBe)
 32254 | Shoals:2 | Killed Qefi's ghost
 32270 | Shoals:2 | Identified the amulet "Afoy" {Faith rElec}
 32899 | Shoals:1 | Acquired the +10 tower shield of Ignorance {rN+ Int-4}
 32899 | Shoals:1 | Found the +10 tower shield of Ignorance {rN+ Int-4}
 33051 | Shoals:2 | Noticed Mlioglotl
 33057 | Shoals:2 | Killed Mlioglotl
 33142 | Shoals:2 | Identified the +0 leather armour "Ubamep" {rF++ Will- Dex+3
                  | Stlth+}
 33389 | Shoals:3 | Found Biqi's Distillery.
 33414 | Shoals:3 | Bought a potion of heal wounds for 75 gold pieces
 33414 | Shoals:3 | Bought a potion of might for 60 gold pieces
 33414 | Shoals:3 | Bought a potion of heal wounds for 75 gold pieces
 33414 | Shoals:3 | Bought 2 potions of invisibility for 240 gold pieces
 33414 | Shoals:3 | Bought a potion of haste for 150 gold pieces
 33625 | Shoals:3 | Reached skill level 5 in Shields
 33930 | Shoals:4 | Entered Level 4 of the Shoals
 34142 | Shoals:4 | Noticed Louise
 34145 | Shoals:4 | Identified the serpent talisman of Musses {rElec rPois
                  | Str+3}
 34145 | Shoals:4 | Noticed Aizul
 34168 | Shoals:4 | Killed Aizul
 34184 | Shoals:4 | Killed Louise
 34310 | Shoals:4 | Got the Dissertation on Electric Calefaction
 34553 | Shoals:4 | Identified the +1 robe of the Special Runes {rElec Str+4}
 34617 | Shoals:4 | Found Cushregas's Magic Scroll Shoppe.
 34674 | Shoals:4 | Bought a scroll of acquirement for 884 gold pieces
 34674 | Shoals:4 | Bought a scroll of fear for 68 gold pieces
 34739 | Shoals:4 | Got a barnacled rune of Zot
 35020 | D:10     | Bought the ring "Qiwkeus" {rPois rF++ Int+6 Dex+4} for 877
                  | gold pieces
 35025 | D:10     | Acquired 758 gold pieces
 35093 | Elf:1    | Entered Level 1 of the Elven Halls
 35129 | Elf:1    | Reached XP level 20. HP: 172/172 MP: 18/18
 35366 | Elf:1    | Found a crumbling gateway.
 35374 | Desolati | Entered the Desolation of Salt
 35385 | Desolati | Reached skill level 19 in Polearms
 35462 | Desolati | Reached skill level 10 in Shields
 35568 | Desolati | Got the Codex of Stony Blight
 35615 | Desolati | Identified the ring of Ashenzari's Respect {rPois rCorr
                  | Int+5 Dex-3 Stlth+}
 35786 | Desolati | Identified the +0 pair of gloves "Qeennut" {rC++ Will-
                  | Str+4}
 36418 | Snake:3  | Killed Haulev's ghost
 36432 | Snake:3  | Killed Eqogoitu's ghost
 36436 | Snake:3  | Killed PurpleRed's ghost
 36449 | Snake:3  | Identified the +2 plate armour of Dishonesty {Will+ rCorr}
 37194 | Elf:1    | You fall into a shaft and drop 1 floor!
 37207 | Elf:2    | Found Cogoyt's Magic Scroll Shoppe.
 37211 | Elf:2    | Found Linluzen's Assorted Antiques.
 37211 | Elf:2    | Found Pinagi's General Store.
 37218 | Elf:2    | Found Ilast's Jewellery Emporium.
 37234 | Elf:2    | Bought a scroll of fear for 52 gold pieces
 37234 | Elf:2    | Bought a scroll of acquirement for 676 gold pieces
 37234 | Elf:2    | Acquired 1032 gold pieces
 37270 | Elf:2    | Bought 3 scrolls of teleportation for 252 gold pieces
 37276 | Elf:2    | Bought a potion of curing for 39 gold pieces
 37390 | Elf:2    | Found Zirril's Antique Armour Boutique.
 37418 | Elf:2    | Reached skill level 20 in Polearms
 37785 | Elf:2    | Found a runed translucent gate.
 37815 | Elf:3    | Entered Level 3 of the Elven Halls
 37886 | Elf:3    | Found Suffola's Book Shop.
 37888 | Elf:3    | Found Ikhaemimm's Book Boutique.
 37891 | Elf:3    | Found Yffig's Assorted Antiques.
 37906 | Elf:3    | Bought a potion of curing for 93 gold pieces
 37906 | Elf:3    | Bought a scroll of fog for 124 gold pieces
 38241 | Elf:3    | Reached XP level 21. HP: 178/178 MP: 18/18
 38249 | Elf:3    | Identified the ring "Causasa" {rF+ SInv}
 38260 | Elf:3    | Identified the ring "Xuceoluh" {*Corrode +Blink Int+5 SInv}
 38281 | Abyss:2  | Cast into level 2 of the Abyss (a deep elf demonologist)
 38316 | Abyss:2  | Reached skill level 21 in Polearms
 38320 | Abyss:2  | Found a corrupted altar of Lugonu.
 38406 | Abyss:2  | Noticed a bone dragon
 38413 | Abyss:2  | Banished a bone dragon
 38470 | Elf:3    | Escaped the Abyss
 38577 | Elf:3    | Got the Discursus on the Rocky Blizzard
 38597 | Elf:3    | Identified the staff "Killer Klown's Peril" {Dex+3 Summ
                  | Earth}
 38607 | Elf:3    | Identified the +1 spear of Jil Tore {pain, rC+ Int+4}
 38622 | Elf:3    | Identified the +5 rapier of Hulipn {holy, Drain Str+3 Int+4
                  | Stlth+}
 38918 | Vaults:1 | Entered Level 1 of the Vaults
 38936 | Vaults:1 | Noticed Nikola
 38948 | Vaults:1 | Killed Nikola
 39061 | Vaults:1 | Reached skill level 15 in Shields
 39224 | Vaults:1 | Found the +5 glaive of the Guard {elec, spectral}
 39233 | Vaults:1 | Identified the +4 rapier "Jaqed" {heavy, Str+4}
 39564 | Vaults:1 | Reached skill level 22 in Polearms
 39811 | Vaults:1 | Reached XP level 22. HP: 186/186 MP: 19/19
 40036 | Vaults:1 | Found Gynext's Book Shop.
 40693 | Vaults:2 | Found a runed translucent door.
 40693 | Vaults:2 | Noticed Innyits's ghost (adept DjAE)
 40720 | Vaults:2 | You fall into a shaft and drop 2 floors!
 40806 | Vaults:4 | Found Weih's Armour Shop.
 41001 | Vaults:4 | Reached skill level 23 in Polearms
 41209 | Vaults:4 | Noticed Mennas
 41254 | Vaults:4 | Killed Mennas
 42733 | Vaults:3 | Reached XP level 23. HP: 192/192 MP: 20/20
 42996 | Vaults:3 | Found a staircase to the Crypt.
 43272 | Vaults:4 | Reached skill level 24 in Polearms
 43554 | Vaults:4 | Paralysed by a sphinx for 3 turns
 43558 | Vaults:4 | Paralysed by a sphinx for 3 turns
 44313 | Vaults:5 | Entered Level 5 of the Vaults
 44347 | Vaults:5 | Noticed an ancient lich
 44350 | Vaults:5 | Killed an ancient lich
 44388 | Vaults:5 | Noticed an ancient lich
 44399 | Vaults:5 | Banished an ancient lich
 44535 | Vaults:5 | Identified the +9 plate armour of Ettusa {rPois Dex+5}
 44579 | Vaults:5 | Got a silver rune of Zot
 44661 | Vaults:5 | Identified the +5 hand axe of Corporal Punishment {heavy,
                  | rF+ Stlth+}
 44900 | Vaults:5 | Noticed a golden dragon
 44911 | Vaults:5 | Banished a golden dragon
 44918 | Vaults:5 | Reached skill level 25 in Polearms
 45060 | Vaults:5 | Acquired 687 gold pieces
 45158 | Vaults:5 | Identified the amulet of Doubts {RegenMP rElec} (You took
                  | it off a vault sentinel on level 5 of the Vaults)
 45352 | Vaults:5 | Noticed a golden dragon
 45361 | Vaults:5 | Banished a golden dragon
 45401 | Vaults:5 | Reached XP level 24. HP: 199/199 MP: 20/20
 45627 | Vaults:5 | Identified the +1 robe "Akoe" {Archmagi}
 45649 | Vaults:5 | Identified the +0 mace of Nukuh {spect, *Slow Int+2 Dex+3}
 45852 | Depths:1 | Entered Level 1 of the Depths
 45852 | Depths:1 | Found a gateway to Hell.
 45875 | Depths:1 | Found Rahaucw's Weapon Shop.
 46164 | Depths:1 | Identified the +3 lajatang "Motzawk" {venom, Fly rPois
                  | Will++ Dex-4}
 46166 | Depths:1 | Identified the +7 longbow of the Morning {drain, rF+++ rC+
                  | Will+ Dex-4}
 46933 | Depths:2 | Found a one-way gate to the infinite horrors of the Abyss.
 47017 | Depths:2 | Reached skill level 26 in Polearms
 47141 | Depths:2 | Identified the ring of Jeinnieq {Fire +Blink rCorr Str+3
                  | Dex-4}
 47300 | Depths:2 | Noticed a juggernaut
 47308 | Depths:2 | Killed a juggernaut
 47758 | Depths:2 | Paralysed by a sphinx for 3 turns
 47774 | Depths:2 | Noticed a caustic shrike
 47778 | Depths:2 | Banished a caustic shrike
 47790 | Depths:2 | Reached XP level 25. HP: 204/204 MP: 20/20
 47913 | Depths:2 | Reached XP level 26. HP: 215/215 MP: 20/20
 47914 | Depths:2 | Reached XP level 27. HP: 224/224 MP: 20/20
 47924 | Depths:2 | Identified the +1 ring mail "Cac Teg" {Dex+2}
 48086 | Depths:2 | Found a one-way gate leading to the halls of Pandemonium.
 48157 | Depths:3 | Found a hazy altar of Hepliaklqana.
 48296 | Depths:4 | Entered Level 4 of the Depths
 48559 | Depths:4 | Found a gate to the Realm of Zot.
 48697 | Zot:1    | Entered Level 1 of the Realm of Zot
 48837 | Zot:1    | You fall into a shaft and drop 1 floor!
 49034 | Zot:1    | Identified the +0 robe "Kanusk" {Contam Harm Slay+3 Stlth+}
 49470 | Zot:3    | Identified the +1 chain mail "Tolibex" {Str+5}
 49519 | Zot:5    | Entered Level 5 of the Realm of Zot
 49812 | Zot:5    | Gained mutation: You are frail. (-10% HP) [mutagenic glow]
 49822 | Zot:5    | Gained mutation: Potions are less effective at restoring
                  | your health. [mutagenic glow]
 49952 | Zot:5    | Noticed a dread lich
 49952 | Zot:5    | Noticed an orb of fire
 49952 | Zot:5    | Noticed an ancient lich
 49952 | Zot:5    | Noticed a dread lich
 49968 | Zot:5    | Killed an ancient lich
 49975 | Zot:5    | Killed a dread lich
 49991 | Zot:5    | Killed an orb of fire
 49997 | Zot:5    | Killed an orb of fire
 50003 | Zot:5    | Noticed a dread lich
 50037 | Zot:5    | Killed a dread lich
 50063 | Zot:5    | Got the Orb of Zot
 50249 | Zot:1    | Gained mutation: You do not regenerate when monsters are
                  | visible. [a cacodemon]
 50249 | Zot:1    | Gained mutation: You have sharp fingernails. [a cacodemon]
 50251 | Depths:4 | Lost mutation: Potions are less effective at restoring your
                  | health. [potion of mutation]
 50251 | Depths:4 | Lost mutation: You have sharp fingernails. [potion of
                  | mutation]
 50252 | Depths:4 | Lost mutation: You passively map a small area around you.
                  | [potion of mutation]
 50252 | Depths:4 | Lost mutation: You are frail. (-10% HP) [potion of
                  | mutation]
 50252 | Depths:4 | Gained mutation: Your flesh is cold resistant. (rC+)
                  | [potion of mutation]
 50252 | Depths:4 | Gained mutation: You passively map a small area around you.
                  | [potion of mutation]
 50252 | Depths:4 | Gained mutation: You are agile. (Dex +4, Str/Int -1)
                  | [potion of mutation]
 50384 | D:15     | Noticed Tutapt the pandemonium lord
 50386 | D:15     | Banished Tutapt the pandemonium lord
 50392 | D:15     | Noticed Vitipt the pandemonium lord
 50405 | D:15     | Banished Vitipt the pandemonium lord
 50643 | D:3      | Gained mutation: You sometimes lose your temper in combat.
                  | [a cacodemon]
 50649 | D:3      | Noticed Oblaqif the pandemonium lord
 50669 | D:2      | Killed Oblaqif the pandemonium lord
 50671 | D:2      | Noticed Irphonaf the pandemonium lord
 50675 | D:2      | Noticed Wiunk the pandemonium lord
 50698 | D:2      | Noticed Daddum the pandemonium lord
 50720 | D:$      | Escaped with the Orb!

Illustrated notes

Levels and vault maps discovered:
D:1:      dpeg_arrival_connections, layout_rooms, minmay_pentomino_w4
D:2:      layout_basic, kennysheep_generic_room_10
D:3:      layout_rooms, lemuel_crystal_altar, general_overflow_altar,
          cheibrodos_sewer_entry_bend, due_unseen_surprise
D:4:      layout_basic
D:5:      layout_loops_cross, yredelemnul_forgotten_temple_becter
D:6:      layout_loops_ring, vehumet_altar_wand_db,
          mainiacjoe_overflow_small_starburst, minmay_temple_entry_glass,
          grunt_decor_resistance
D:7:      layout_gridville, doesnt_shop_hydraphobe
D:8:      layout_cave_pods, gammafunk_ghost_stat_death
D:9:      bobbens_index_wilting_gardens, layout_irregular_city,
          nicolae_concentric_dashed_squares_mild
D:10:     layout_irregular_city, fedhas_altar_2, serial_shops,
          nicolae_shop_hallway_stairs, uniq_urug
D:11:     layout_basic
D:12:     layout_basic, uniq_josephine
D:13:     minmay_skewed_foursquare, layout_basic, minmay_misc_feat_encased,
          nicolae_gozag_cash_rules_everything_around_me, uniq_lodul
D:14:     layout_roguey, david_vaults_3, elyvilon_altar_4, uniq_frances,
          uniq_agnes
D:15:     hangedman_depths_entry_try_elsewhere_first, layout_loops_corners,
          trog_three_pillars_becter
Temple:   lightli_temple_of_artemis
Lair:1:   layout_cave_shapes, nicolae_volcano_entry_batcave, minivault_26,
          eino_small_chamber_without_monster, grunt_megastairs_4
Lair:2:   layout_small_grid, serial_bayou_lagoon_a,
          nicolae_lair_run_with_the_wolves, serial_bayou_shore_a
Lair:3:   layout_cave_pods, minmay_shoals_entry_centaurs, dummy_snake_entry,
          serial_bayou_shore_b, uniq_amaemon
Lair:4:   gammafunk_mikee_crab_dinner, layout_cellular_growth,
          kennysheep_catoblepas_arena, uniq_kirke
Lair:5:   evilmike_catoblepas_cave, layout_regular_city, slime_entry_2
Shoals:1: layout_shoals
Shoals:2: layout_shoals, gammafunk_ghost_berserking_beasts, uniq_mlioglotl
Shoals:3: layout_shoals, serial_shops, shop
Shoals:4: shoals_end_grunt_garden, layout_shoals, serial_shops,
          nicolae_shop_tiny_statue_garden, nicolae_shoals_bring_sunscreen,
          uniq_louise, uniq_aizul
Snake:1:  layout_misc_corridors, serial_shops, shop, nicolae_snake_single_loop,
          nicolae_snake_gridmaze_zigzag, nicolae_snake_naga_rites
Snake:2:  layout_basic, serial_corexii_hall, chequers_hall_statues_corner_a,
          chequers_hall_statues_y, uniq_azrael
Snake:3:  layout_cave_pods, gammafunk_ghost_cemetery, special_room,
          nicolae_snake_salamander_zone, grunt_megastairs_2
Snake:4:  hellmonk_snake_rune_quicksilver_temple, layout_chambers, uniq_vashnia
Orc:1:    layout_caves, gammafunk_ghost_fury_of_okawaru, uniq_erica
Orc:2:    st_orc_ogre_mass, layout_caves, serial_shops,
          nicolae_shop_hallway_plus, uniq_erolcha
Elf:1:    eino_elf_arrival_the_gate, layout_onion_city,
          portal_desolation_entry_nicolae_slug, hangedman_elf_represent
Elf:2:    nicolae_elf_blades_crystal_corner, layout_geoelf_octagon,
          serial_shops, nicolae_shop_hallway_stairs,
          minmay_the_grid_square_5x5_3x3_mashed
          [minmay_the_grid_square_5x5_seven,
          minmay_the_grid_square_5x5_tri_point,
          minmay_the_grid_square_5x5_minivault,
          minmay_the_grid_square_5x5_almost_minimal,
          minmay_the_grid_square_5x5_megaprize_hollow,
          minmay_the_grid_square_5x5_n_small, minmay_the_grid_square_5x5_corner,
          minmay_the_grid_square_5x5_shrine2,
          minmay_the_grid_square_5x5_inner_i], minmay_shoptagon, uniq_asterion
Elf:3:    minmay_elf_hall_statues, layout_rooms, minmay_shop_star
Vaults:1: minmay_guarded_unrand_guard, nicolae_vaults_big_ls,
          nicolae_vaults_triangles, nicolae_vaults_doubleplus_tesselated,
          vaults_room_pool, nicolae_vaults_little_squares_2,
          nicolae_vaults_stairing_the_circle, nicolae_vaults_double_plus_3,
          nicolae_vaults_network_star, vaults_dpeg_emergency_exit,
          nicolae_vaults_wrenched, layout_vaults_omnibox, serial_shops,
          nicolae_square_shop, uniq_nikola
Vaults:2: gammafunk_ghost_grave, nicolae_vaults_ring_of_whatevers, v_misc_23,
          v_pattern_1, v_misc_10, hangedman_vaults_restitches,
          nicolae_vaults_tangram_1, v_misc_13, hangedman_vaults_maws,
          nicolae_vaults_house_2, vaults_room_fours,
          nicolae_vaults_windows_and_doors_thing, ontoclasm_vaults_pinch,
          nicolae_vaults_trapezoid_lopsided_3, nicolae_vaults_theta,
          nicolae_vaults_trapezoid_lopsided_1, layout_vaults_omnicross
Vaults:3: nicolae_vaults_gold_heap, vaults_mumra_hexcomb,
          nicolae_vaults_sealed_display, hangedman_vaults_nodes,
          nicolae_vaults_little_squares_4, nicolae_vaults_tetromino_L_2,
          dpeg_vaults_monster_row, nicolae_vaults_apartment_1,
          minmay_crypt_entry_simple_box, layout_vaults_big_room
Vaults:4: v_misc_27, hangedman_vaults_capsules,
          nicolae_vaults_closet_pinwheel_2, nicolae_vaults_little_squares_2,
          vaults_dpeg_ring, nicolae_vaults_storage_closets_3,
          nicolae_vaults_storage_closets_1, nicolae_vaults_layer_cake_slice,
          nicolae_vaults_shelves_hall, nicolae_vaults_more_shelving_2,
          layout_vaults_quadrants, serial_shops, shop, uniq_mennas
Vaults:5
Depths:1: layout_cave_shapes, serial_shops, shop, hell_entry,
          minmay_strange_pillars, beargit_elvish_explorers
Depths:2: hangedman_box_tower, layout_basic, grunt_pan_entry_zigzag,
          hangedman_tar_grid_catacomb, abyss_entry
Depths:3: evilmike_horseshoe, layout_gridlike, pan_entry, abyss_entry,
          hell_entry, nicolae_hepliaklqana_hazy_memory, chei_slow_surprise,
          uniq_boris
Depths:4: grunt_zot_entry_funnels, layout_cave_pools, enter_ziggurat_c,
          hellmouth_1, uniq_parghit
Zot:1:    layout_onion_interference, basic_altar
Zot:2:    layout_onion_interference, bh_zot_lava_cross,
          regret_index_zotdec_twisting_globes
Zot:3:    layout_onion, grunt_ministairs_2, uniq_vv
Zot:4:    layout_gridville
Zot:5:    layout_gridlike, grunt_ministairs_4

Skill      XL: |  1  2  3  4  5  6  7  8  9 10 11 12 13 14 15 16 17 18 19 20 21 22 23 24 25 26 27 |
---------------+----------------------------------------------------------------------------------+-----
Polearms       | 3 4 6 8 9 12 14 17 18 20 22 23 25 26 | 26.8
Fighting       | 4 5 6 7 9 10 12 13 17 18 19 25 | 25.2
Shapeshifting  | 6 13 16 20 24 25 | 25.0
Unarmed Combat | 2 8 12 13 | 13.0
Dodging        | 12 14 | 14.6
Shields        | 9 13 16 19 21 23 | 23.5
Armour         | |  2.1

Action                     |  1- 3 |  4- 6 |  7- 9 | 10-12 | 13-15 | 16-18 | 19-21 | 22-24 | 25-27 || total
---------------------------+-------+-------+-------+-------+-------+-------+-------+-------+-------++-------
  Melee: Trident           |   122 |   161 |   385 |   873 |    77 |     7 |       |       |       ||  1625
         Spear             |       |       |   110 |       |       |       |       |       |       ||   110
         Headbutt          |       |       |       |    53 |    24 |       |   189 |   319 |   158 ||   743
         Unarmed           |       |       |       |       |   572 |   886 |    78 |       |       ||  1536
         Tailslap          |       |       |       |       |    77 |   142 |    22 |       |       ||   241
         Bite              |       |       |       |       |    65 |   122 |    11 |       |       ||   198
         Punch             |       |       |       |       |    40 |    61 |     5 |       |       ||   106
         Demon trident     |       |       |       |       |       |       |  1268 |  1499 |   724 ||  3491
  Throw: Dart              |       |       |     2 |    30 |       |       |       |       |       ||    32
 Invoke: Call Merchant     |       |       |       |       |     3 |     3 |       |       |       ||     6
         Potion Petition   |       |       |       |       |       |     3 |       |       |       ||     3
         Bribe Branch      |       |       |       |       |       |       |       |     1 |     2 ||     3
Ability: Breathe Fire      |       |       |       |       |    38 |    20 |     2 |       |       ||    60
  Evoke: Wand              |       |       |    25 |    30 |     7 |     4 |       |       |     6 ||    72
         Lightning rod     |       |       |       |    11 |     5 |     7 |     4 |       |       ||    27
         Phantom mirror    |       |       |       |       |       |     1 |     1 |       |       ||     2
         Tin of tremorston |       |       |       |       |       |       |     2 |       |       ||     2
    Use: Scroll            |     8 |     9 |    10 |     6 |    10 |    13 |     9 |     3 |    13 ||    81
         Potion            |       |       |     2 |     8 |     4 |     5 |    14 |     1 |     6 ||    40
   Stab: Sleeping          |       |       |     1 |     1 |     1 |     2 |     8 |    16 |       ||    29
         Distracted        |       |       |       |     4 |     7 |     3 |    19 |    22 |     9 ||    64
         Invisible         |       |       |       |     1 |       |     1 |     4 |       |       ||     6
         Paralysed         |       |       |       |       |     1 |       |       |       |       ||     1
 Armour: Scale mail        |    46 |    35 |       |       |       |       |       |       |       ||    81
         Troll leather arm |       |    48 |   271 |   486 |    26 |       |       |       |       ||   831
         Skin              |       |       |       |    78 |   739 |  1069 |   663 |   532 |   333 ||  3414
  Dodge: Dodged            |    38 |    63 |   158 |   202 |   237 |   255 |   536 |   385 |   208 ||  2082
  Block: Buckler           |    23 |    42 |   141 |   255 |    15 |     6 |       |       |       ||   482
         Other             |       |       |       |       |    45 |       |       |       |       ||    45
         Reflection        |       |       |       |       |     2 |       |       |       |       ||     2
         Tower shield      |       |       |       |       |       |       |  1473 |  1788 |   682 ||  3943
   Form: Dragon            |       |       |       |       |     1 |       |       |       |       ||     1
         Statue            |       |       |       |       |       |       |     1 |       |       ||     1

Table legend: (Time is in decaauts)
 A = Elapsed time spent in this place.
 B = Non-inter-level travel time spent in this place.
 C = Inter-level travel time spent in this place.
 D = Time resting spent in this place.
 E = Time spent auto-exploring this place.
 F = Levels seen in this place.
 G = Mean time per level.
                   A        B        C        D        E       F      G
               +--------+--------+--------+--------+--------+-----+--------+
         Total |  56987 |  49830 |   7157 |   1955 |  34761 |  52 | 1095.9 |
       Dungeon |  16873 |  14015 |   2858 |    630 |  10117 |  15 | 1124.9 |
        Temple |     34 |      3 |     31 |      0 |      0 |   1 |   34.0 |
          Lair |   6804 |   6245 |    559 |    221 |   5022 |   5 | 1360.8 |
        Shoals |   3280 |   2133 |   1147 |    138 |    887 |   4 |  820.0 |
     Snake Pit |   6212 |   5438 |    774 |    468 |   3662 |   4 | 1553.0 |
  Orcish Mines |   1956 |   1638 |    318 |     67 |   1258 |   2 |  978.0 |
   Elven Halls |   3374 |   2829 |    545 |      8 |   2117 |   3 | 1124.7 |
        Vaults |   9743 |   9423 |    320 |      0 |   7160 |   5 | 1948.6 |
        Depths |   4037 |   3839 |    198 |    120 |   2451 |   4 | 1009.2 |
           Zot |   2080 |   1676 |    404 |     73 |    706 |   5 |  416.0 |
         Abyss |    257 |    257 |      0 |      0 |      0 |   1 |  257.0 |
         Sewer |    221 |    221 |      0 |    100 |     67 |   1 |  221.0 |
       Volcano |   1009 |   1009 |      0 |    127 |    670 |   1 | 1009.0 |
    Desolation |   1100 |   1100 |      0 |      0 |    642 |   1 | 1100.0 |
               +--------+--------+--------+--------+--------+-----+--------+

Top non-repeatable levels by time:
     D:9: 2505 daAuts
Vaults:4: 2397 daAuts
Vaults:5: 1978 daAuts
Vaults:1: 1929 daAuts
Depths:2: 1845 daAuts
Vaults:2: 1832 daAuts
 Snake:3: 1814 daAuts
 Snake:4: 1721 daAuts
  Lair:4: 1700 daAuts
    D:13: 1669 daAuts
    D:15: 1625 daAuts
Vaults:3: 1605 daAuts
  Lair:3: 1551 daAuts
  Lair:5: 1523 daAuts
 Snake:1: 1462 daAuts
